 Dungeon Crawl Stone Soup version 0.21-a0-39-g28ea6b7 (webtiles) character file.

181434 KristoblXynda the Unseen (level 17, -7/85 HPs)
             Began as a Spriggan Enchanter on June 1, 2017.
             Was the Champion of Ashenzari.
             Shot with a bolt by a naga sharpshooter (23 damage)
             ... on level 1 of the Snake Pit.
             The game lasted 02:39:55 (39798 turns).

KristoblXynda the Unseen (Spriggan Enchanter)      Turns: 39798, Time: 02:39:55

Health: -7/85      AC: 11    Str:  7    XL:     17   Next: 33%
Magic:  23/35      EV: 30    Int: 18    God:    Ashenzari [******]
Gold:   3011       SH: 10    Dex: 19    Spells: 14/43 levels left

rFire    . . .     SeeInvis +   h - +8 dagger (vamp) (curse)
rCold    . . .     Gourm    .   w - +1 buckler (curse)
rNeg     + . .     Faith    .   R - +1 acid dragon scales (curse)
rPois    .         Spirit   .   e - +2 hat (curse)
rElec    .         Reflect  .   (no cloak)
rCorr    +         Harm     .   (gloves unavailable)
MR       ++...     Clarity  +   (boots unavailable)
Stlth    +++++++...             O - amulet of magic regeneration (curse)
Regen    0.3/turn               G - ring of wizardry (curse)
MPRegen  0.4/turn               t - ring of positive energy (curse)

@: very quick
A: unfitting armour, see invisible, herbivore 3, speed 3, slow metabolism 2
}: 1/15 runes: decaying
a: Curse Item, Scrying, Transfer Knowledge, Renounce Religion


You were on level 1 of the Snake Pit.
You worshipped Ashenzari.
Ashenzari was exalted by your worship.
You were not hungry.

You visited 7 branches of the dungeon, and saw 30 of its levels.
You also visited: Sewer and Ice Cave.

You collected 3603 gold pieces.
You spent 592 gold pieces at shops.

Inventory:

Hand Weapons
 h - a cursed +8 vampiric dagger (weapon)
 E - a +3 vampiric rapier
Missiles
 C - 2 throwing nets (quivered)
Armour
 e - a cursed +2 hat (worn)
 w - a cursed +1 buckler (worn)
 R - cursed +1 acid dragon scales (worn)
Jewellery
 t - a cursed ring of positive energy (right hand)
 G - a cursed ring of wizardry (left hand)
 O - a cursed amulet of magic regeneration (around neck)
Wands
 v - a wand of clouds (4/9)
 y - a wand of acid (8/15)
 z - a wand of clouds (1/9)
Scrolls
 c - a scroll of remove curse
 f - 5 scrolls of teleportation
 g - 5 scrolls of blinking
 j - 2 scrolls of recharging
 n - a scroll of immolation
 r - 9 scrolls of identify
 x - a scroll of amnesia
 H - 2 scrolls of brand weapon
 K - a scroll of fear
Potions
 a - 3 potions of might
 b - a potion of mutation
 i - 2 potions of lignification
 k - 4 potions of magic
 l - 4 potions of brilliance
 o - 3 potions of resistance
 p - 5 potions of agility
 q - 6 potions of haste
 s - 7 potions of ambrosia
 u - 14 potions of curing
 D - a potion of invisibility
 J - 5 potions of heal wounds
 L - 3 potions of cancellation
 N - 3 potions of flight
Books
 A - a book of the Earth

   Spells                             Type                      Level
   a - Leda's Liquefaction            Hexes/Earth                  4
   b - Bolt of Magma                  Conjuration/Fire/Earth       5
   c - Statue Form                    Transmutation/Earth          6
   d - Iron Shot                      Conjuration/Earth            6
   e - Shatter                        Earth                        9
Miscellaneous
 m - a box of beasts
 B - a crystal ball of energy
 Q - 2 sacks of spiders
Comestibles
 d - 10 bread rations
 F - a royal jelly
 I - 3 fruits


   Skills:
 - Level 8.3 Fighting
 - Level 5.2(9.7) Short Blades
 - Level 10.0 Armour
 - Level 13.1(15.7) Dodging
 - Level 15.0(17.5) Stealth
 - Level 5.4(8.4) Shields
 + Level 13.6 Spellcasting
 - Level 5.5(10.0) Conjurations
 - Level 12.9(17.0) Hexes
 - Level 7.0(11.5) Charms
 - Level 5.2(9.7) Transmutations
 + Level 5.2(9.7) Fire Magic
 - Level 6.5(11.0) Air Magic
 + Level 6.1(10.6) Earth Magic
 - Level 11.3(15.5) Evocations


You had 14 spell levels left.
You knew the following spells:

 Your Spells              Type           Power        Failure   Level  Hunger
a - Regeneration          Chrm/Necr      ####......   1%          3    None
b - Lee's Rapid Deconstr  Erth           ######....   1%          5    ####...
c - Confuse               Hex            ######..     0%          3    None
d - Mephitic Cloud        Conj/Pois/Air  #####...     1%          3    None
e - Invisibility          Hex            ######..     1%          6    ######.
f - Petrify               Tmut/Erth      #####...     1%          4    #......
g - Fireball              Conj/Fire      #####.....   1%          5    ####...


Dungeon Overview and Level Annotations

Branches:
Dungeon (15/15)            Temple (1/1) D:6            Lair (6/6) D:8
  Swamp (4/4) Lair:2        Snake (1/4) Lair:4        Slime (1/5) Lair:5
    Orc (2/2) D:12            Elf (0/3) Orc:2        Vaults (0/5) D:13
 Depths (0/5) D:15

Altars:
Ashenzari
Cheibriados
Dithmenos
Elyvilon
Fedhas
Gozag
Hepliaklqana
Kikubaaqudgha
Makhleb
Nemelex Xobeh
Okawaru
Qazlal
Ru
Sif Muna
Trog
Uskayaw
Vehumet
Wu Jian
Xom
Yredelemnul
Zin
The Shining One

Shops:
D:8 *   D:10 }   D:12 *   D:13 =   Orc:1 [   Orc:2 *[=(   Snake:1 (=

Annotations:
Lair:3 exclusion: 4 oklob plants


Innate Abilities, Weirdness & Mutations

You are very small and have problems with some larger weapons.
You are too small for most types of armour.
You have supernaturally acute eyesight. (SInv)
You are a herbivore.
You cover ground extremely quickly.
You need consume almost no food.


Message History

Aim: a naga sharpshooter, wielding a shortbow and wearing a robe (catching its breath, chance to defeat MR: 28%)
The naga sharpshooter easily resists.
The naga sharpshooter mumbles some strange words.
The naga sharpshooter magically shoots an arrow.
The arrow hits you!!
The naga sharpshooter is engulfed in blazing flames.
The naga sharpshooter spits poison at you.
You block the splash of poison.
You see here 2 bolts.
The naga sharpshooter is engulfed in blazing flames.
The naga sharpshooter is engulfed in blazing flames.
The naga sharpshooter unwields an uncursed halberd.
The naga sharpshooter wields an uncursed arbalest.
The naga sharpshooter shoots a bolt.
The bolt hits you!
* * * LOW HITPOINT WARNING * * *
The naga sharpshooter is engulfed in blazing flames.
The naga sharpshooter casts a spell.
The naga sharpshooter magically shoots a bolt.
The bolt hits you!!
You die...

## .# .# ^# .###
...################
................@(#
.#.##############(#
##....# #§# ###.#.#
#§# # ###.#
####§### ## ##.# *
###..§N§{# .# #..#
, #.....§§§{# **
.###..# ,
.......N.....#
..#...#
*..#..........#** *
* *


You could see a naga sharpshooter and a naga.

Vanquished Creatures
  the Lernaean hydra (Swamp:4)
  Rupert (Lair:4)
  Roxanne (Swamp:2)
  Kirke (Swamp:2)
  2 thorn hunters
  A frost giant (IceCv)
  An orc warlord (Orc:2)
  Nessos (Lair:6)
  Josephine (Orc:2)
  3 vault guards (D:13)
  25 hydras
  2 ghost crabs (Swamp:4)
  A centaur warrior (D:15)
  2 anacondas (Snake:1)
  9 alligators
  3 two-headed ogres
  A death yak (IceCv)
  A shock serpent (Snake:1)
  A queen ant (Lair:2)
  5 orc high priests
  A naga sharpshooter (Snake:1)
  The ghost of seren the Slicer, a novice HaFi of Uskayaw (D:10)
  2 spriggan druids
  4 skeletal warriors (D:15)
  An unseen horror (D:11)
  A shambling mangrove (Swamp:4)
  5 orc knights
  11 swamp dragons
  3 oklob plants
  A mana viper (Snake:1)
  2 wolf spiders (Lair:6)
  2 cyclopes
  8 orc sorcerers
  3 manticores
  7 ugly things
  19 elephants
  A salamander (D:15)
  A guardian serpent (shapeshifter) (D:13)
  4 naga magi (Snake:1)
  A torpor snail (Lair:6)
  A guardian serpent (Lair:6)
  14 black mambas
  2 centaur skeletons
  3 gargoyles (D:13)
  24 spiny frogs
  15 komodo dragons
  2 kobold demonologists (D:15)
  6 rime drakes
  A queen bee (Lair:3)
  8 trolls
  11 hornets
  19 polar bears
  Grinder (D:6)
  26 slime creatures
  5 tyrant leeches
  5 blink frogs (Lair:3)
  A harpy skeleton (D:13)
  15 bog bodies
  2 meliai zombies
  14 hippogriffs
  4 redbacks (Lair:6)
  A shadow (Swamp:3)
  A tarantella (shapeshifter) (D:15)
  7 spriggans
  A water elemental (D:11)
  5 wraiths (Orc:2)
  63 yaks
  Eustachio (D:4)
  5 hogs
  9 wyverns
  5 basilisks
  2 humans
  8 vampire mosquitoes
  4 insubstantial wisps (Swamp:3)
  A hungry ghost (D:10)
  2 steam dragons
  3 wargs
  21 swamp worms
  4 nagas (Snake:1)
  Edmund (D:4)
  2 acid dragons
  5 soldier ants (Lair:2)
  32 water moccasins
  2 hell hounds (D:8)
  7 porcupines
  10 swamp drakes
  10 ice beasts
  A black bear (D:5)
  A hornet zombie (D:6)
  34 orc warriors
  2 sky beasts
  3 phantoms
  2 necrophages
  14 ogres
  61 wolves
  2 eyes of draining (D:11)
  8 centaurs
  14 crocodiles
  3 big kobolds
  A wyvern zombie (D:12)
  26 bullfrogs
  3 wyvern skeletons
  4 scorpions
  47 killer bees
  15 wights
  A howler monkey (D:4)
  A spectral centaur (D:12)
  5 electric eels
  17 crimson imps
  4 centaur zombies
  4 bullfrog zombies
  16 jellies
  A bullfrog skeleton (D:5)
  13 orc priests
  4 hounds
  25 orc wizards
  8 iguanas
  32 worker ants
  A hound zombie (D:8)
  2 worker ant zombies (D:5)
  Robin (D:3)
  3 gnolls (D:2)
  23 adders
  3 river rats
  8 shadow imps
  A white imp (D:12)
  13 oozes
  2 adder skeletons (D:5)
  2 worms
  4 dart slugs
  6 leopard geckos
  69 orcs
  13 bats
  8 giant cockroaches
  19 goblins
  4 hobgoblins
  19 jackals
  16 kobolds
  6 quokkas
  13 ball pythons
  7 frilled lizards
  A jackal skeleton (D:4)
  A leopard gecko skeleton (D:8)
  10 rats
  A butterfly (D:6)
  4 fungi
  2 plants (Lair:6)
1166 creatures vanquished.

Vanquished Creatures (collateral kills)
  A spriggan (Swamp:1)
  A wolf (Lair:3)
2 creatures vanquished.

Vanquished Creatures (others)
  A human (Swamp:3)
  3 wolves
  A bush (Swamp:4)
  51 fungi
  42 plants
98 creatures vanquished.

Grand Total: 1266 creatures vanquished

Notes
Turn   | Place    | Note
-------+----------+-------------------------------------------
     0 | D:1      | KristoblXynda the Spriggan Enchanter began the quest for the Orb.
     0 | D:1      | Reached XP level 1. HP: 9/9 MP: 5/5
    10 | D:1      | Found a burning altar of Makhleb.
   150 | D:1      | Reached XP level 2. HP: 7/13 MP: 7/7
   393 | D:1      | Learned a level 2 spell: Ensorcelled Hibernation
   562 | D:2      | Reached skill level 5 in Stealth
   562 | D:2      | Reached XP level 3. HP: 5/16 MP: 8/8
   818 | D:2      | Learned a level 3 spell: Confuse
  1413 | D:2      | Found a faded altar of an unknown god.
  1541 | D:2      | Reached XP level 4. HP: 21/21 MP: 7/10
  1824 | D:3      | Found a sparkling altar of Nemelex Xobeh.
  1941 | D:3      | Reached skill level 5 in Hexes
  1944 | D:3      | Found a radiant altar of Vehumet.
  1949 | D:3      | Found an ornate altar of the Wu Jian Council.
  2229 | D:3      | Reached skill level 6 in Stealth
  2509 | D:3      | Noticed Robin
  2562 | D:3      | Killed Robin
  2562 | D:3      | Reached XP level 5. HP: 20/24 MP: 4/12
  3079 | D:4      | Noticed Eustachio
  3090 | D:4      | Killed Eustachio
  3090 | D:4      | Reached skill level 7 in Stealth
  3090 | D:4      | Reached XP level 6. HP: 28/28 MP: 9/14
  3171 | D:4      | Reached skill level 5 in Spellcasting
  3675 | D:4      | Noticed Edmund
  3747 | D:4      | Killed Edmund
  3747 | D:4      | Reached skill level 8 in Stealth
  3747 | D:4      | Reached XP level 7. HP: 15/32 MP: 6/16
  4394 | D:5      | Entered Level 5 of the Dungeon
  4400 | D:5      | Found a glowing drain.
  4444 | D:5      | Reached skill level 9 in Stealth
  4491 | Sewer    | Entered a sewer
  4618 | Sewer    | Reached XP level 8. HP: 31/36 MP: 17/19
  5597 | D:5      | Reached skill level 10 in Stealth
  6091 | D:6      | Noticed Grinder
  6103 | D:6      | Killed Grinder
  6103 | D:6      | Reached XP level 9. HP: 39/39 MP: 17/22
  6177 | D:6      | Learned a level 3 spell: Regeneration
  6353 | D:6      | Reached skill level 5 in Short Blades
  6353 | D:6      | Reached skill level 1 in Charms
  6803 | D:6      | Reached skill level 11 in Stealth
  6897 | D:6      | Found a staircase to the Ecumenical Temple.
  6903 | Temple   | Entered the Ecumenical Temple
  6971 | Temple   | Became a worshipper of Ashenzari the Shackled
  7862 | D:7      | Reached skill level 5 in Charms
  7875 | D:7      | Learned a level 3 spell: Mephitic Cloud
  8252 | D:7      | Reached XP level 10. HP: 17/44 MP: 8/24
  8545 | D:7      | Reached skill level 10 in Hexes
  8631 | D:7      | Reached * piety under Ashenzari
  8673 | D:7      | Reached skill level 12 in Stealth
  8963 | D:8      | Found a staircase to the Lair.
  9043 | D:8      | Noticed a two-headed ogre
  9071 | D:8      | Killed a two-headed ogre
  9584 | D:8      | Found Sorog's General Store.
  9702 | D:8      | Reached skill level 10 in Spellcasting
 10157 | D:9      | Reached ** piety under Ashenzari
 10161 | D:9      | Reached skill level 13 in Stealth
 10375 | D:9      | Reached skill level 5 in Dodging
 10581 | D:9      | Found a basalt altar of Yredelemnul.
 10675 | D:10     | Entered Level 10 of the Dungeon
 10846 | D:10     | Found Dakamus's Gadget Boutique.
 10940 | D:10     | Noticed seren's ghost (novice HaFi)
 10953 | D:10     | Killed seren's ghost
 10953 | D:10     | Reached XP level 11. HP: 39/47 MP: 12/26
 11950 | D:11     | Reached skill level 14 in Stealth
 12181 | D:11     | Reached skill level 1 in Shields
 12323 | D:11     | Noticed an unseen horror
 12327 | D:11     | Killed an unseen horror
 13323 | D:12     | Reached skill level 1 in Conjurations
 13443 | D:12     | Reached *** piety under Ashenzari
 14202 | D:12     | Found a staircase to the Orcish Mines.
 14368 | D:12     | Reached skill level 1 in Evocations
 14413 | D:12     | Found Ycienien's General Store.
 14417 | D:12     | Bought a scroll of enchant weapon for 82 gold pieces
 14735 | D:12     | Reached skill level 15 in Stealth
 14980 | Lair:1   | Entered Level 1 of the Lair of Beasts
 15275 | Lair:1   | Reached skill level 1 in Fighting
 15330 | Lair:1   | Reached XP level 12. HP: 53/53 MP: 27/27
 15447 | Lair:1   | Noticed an eight-headed hydra
 15454 | Lair:1   | Killed an eight-headed hydra
 15531 | Lair:1   | Reached **** piety under Ashenzari
 16397 | Lair:2   | Reached skill level 5 in Evocations
 16605 | Lair:2   | Reached skill level 1 in Armour
 16926 | Lair:2   | Reached ***** piety under Ashenzari
 16998 | Lair:2   | Found a staircase to the Swamp.
 17298 | Lair:2   | Reached skill level 5 in Shields
 17451 | Lair:2   | Reached skill level 1 in Air Magic
 17612 | Lair:2   | Noticed a queen ant
 17642 | Lair:2   | Killed a queen ant
 17925 | Lair:3   | Noticed a six-headed hydra
 17984 | Lair:3   | Killed a six-headed hydra
 18236 | Lair:3   | Reached XP level 13. HP: 60/60 MP: 28/28
 19593 | Lair:3   | Reached skill level 10 in Dodging
 20002 | Lair:3   | Reached skill level 5 in Air Magic
 20293 | Lair:3   | Reached skill level 5 in Armour
 20799 | Lair:4   | Found a staircase to the Snake Pit.
 20895 | Lair:4   | Noticed Rupert
 20902 | Lair:4   | Killed Rupert
 21737 | Lair:4   | HP: 3/60 [elephant (14)]
 22236 | Lair:5   | Reached XP level 14. HP: 37/65 MP: 12/29
 22605 | Lair:5   | Reached ****** piety under Ashenzari
 22641 | Lair:5   | Found a staircase to the Slime Pits.
 23660 | Slime:1  | Entered Level 1 of the Pits of Slime
 23672 | Lair:6   | Entered Level 6 of the Lair of Beasts
 23853 | Lair:6   | Noticed Nessos
 23855 | Lair:6   | Killed Nessos
 23855 | Lair:6   | Reached skill level 5 in Fighting
 24048 | Lair:6   | Paralysed by a hornet for 3 turns
 25909 | D:13     | Found a frozen archway.
 25920 | IceCv    | Entered an ice cave
 25980 | IceCv    | Identified the ring of Elykluv {Fire Str+2 Dex+5 Stlth-}
 26663 | IceCv    | Noticed a frost giant
 26685 | IceCv    | Reached XP level 15. HP: 42/72 MP: 17/32
 26693 | IceCv    | Killed a frost giant
 26722 | IceCv    | Identified the Volume of the Final Princes
 27729 | D:13     | Found Poqoim's Jewellery Shop.
 27735 | D:13     | Bought an uncursed amulet of magic regeneration for 510 gold pieces
 27946 | D:13     | Found a gate to the Vaults.
 29425 | D:15     | Entered Level 15 of the Dungeon
 29761 | D:15     | Reached skill level 10 in Evocations
 30361 | D:15     | Found a staircase to the Depths.
 31035 | Orc:1    | Entered Level 1 of the Orcish Mines
 31455 | Orc:2    | Entered Level 2 of the Orcish Mines
 31472 | Orc:2    | Found Ruam's General Store.
 31472 | Orc:2    | Noticed an orc warlord
 31487 | Orc:2    | Killed an orc warlord
 31842 | Orc:2    | Found Datwaph's Antique Armour Shop.
 31960 | Orc:2    | Found a staircase to the Elven Halls.
 31975 | Orc:2    | Found Veovvit's Jewellery Boutique.
 32347 | Orc:2    | Reached XP level 16. HP: 69/78 MP: 29/33
 32349 | Orc:2    | Noticed Josephine
 32361 | Orc:2    | Reached skill level 5 in Conjurations
 32362 | Orc:2    | Killed Josephine
 32546 | Orc:2    | Found Suh Vuoc's Antique Weapon Shop.
 32977 | Orc:1    | Found Biadugy's Antique Armour Shop.
 33565 | Lair:1   | Learned a level 6 spell: Invisibility
 33570 | Lair:1   | Learned a level 4 spell: Petrify
 33629 | Swamp:1  | Entered Level 1 of the Swamp
 33715 | Swamp:1  | Reached skill level 10 in Armour
 33767 | Swamp:1  | Reached skill level 1 in Transmutations
 34025 | Swamp:1  | Identified the cursed +1 ring mail of the Gloaming {rF- Slay+6}
 34264 | Swamp:1  | Noticed a thorn hunter
 34298 | Swamp:1  | Killed a thorn hunter
 34836 | Swamp:2  | Reached skill level 5 in Transmutations
 34873 | Swamp:2  | Reached skill level 1 in Earth Magic
 34907 | Swamp:2  | Noticed Kirke
 34989 | Swamp:2  | Killed Kirke
 35407 | Swamp:2  | Noticed Roxanne
 35427 | Swamp:2  | Found a basalt altar of Yredelemnul.
 35936 | Lair:1   | Learned a level 5 spell: Lee's Rapid Deconstruction
 35944 | Lair:1   | Learned a level 5 spell: Fireball
 36659 | Swamp:3  | Reached skill level 1 in Fire Magic
 37047 | Swamp:4  | Entered Level 4 of the Swamp
 37253 | Swamp:4  | Noticed the 27-headed Lernaean hydra
 37255 | Swamp:4  | Got a decaying rune of Zot
 37265 | Swamp:4  | Noticed a thorn hunter
 38158 | Swamp:4  | Killed a thorn hunter
 38159 | Swamp:4  | Reached XP level 17. HP: 74/85 MP: 8/34
 38344 | Swamp:4  | Reached skill level 5 in Earth Magic
 38689 | Swamp:4  | Killed the 27-headed Lernaean hydra
 39269 | Swamp:2  | Killed Roxanne
 39436 | Snake:1  | Entered Level 1 of the Snake Pit
 39544 | Snake:1  | Reached skill level 5 in Fire Magic
 39671 | Snake:1  | Found Moddac's Weapon Shoppe.
 39675 | Snake:1  | Found Cyshrei's Jewellery Shoppe.
 39798 | Snake:1  | Shot with a bolt by a naga sharpshooter

Vault maps used:
D:1:      sevenhm_arrival_forest_fort_small_6
D:2:      first_bread, chequers_ecumenical_altar_grove
D:3:      kennysheep_goblin_castle, grunt_temple_overflow_open
D:4:      uniq_edmund, uniq_eustachio
D:5:      gup_sewer_entry_glass
D:6:      minmay_temple_entry_butterflies, uniq_grinder
D:7:      grunt_livestock
D:8:      minmay_lair_entry_lava, serial_shops, shop
D:9:      nicolae_overflow_crystal_walls
D:10:     serial_shops, kennysheep_mini_moat, serial_bayou_pond_c
D:12:     erik_orc_1, serial_shops, nicolae_shop_temple_entry_statues_fountains,
          hangedman_weighted_door, minmay_nine_imps
D:13:     grunt_vaults_entry_fortified, serial_shops, shop_fountains,
          lab_entry_generic, portal_ice_cave_entry_ice_beasts
D:14:     hangedman_decor_opposing, evilmike_butchery
D:15:     hangedman_depths_entry_try_elsewhere_first
Temple:   compressed_dpeg_circular_temple
Lair:1:   serial_bayou_pond_a, cheibrodos_lair_lostbears
Lair:2:   minmay_lair_venomous_thicket, minmay_swamp_entry_reptiles,
          zaba_antful_of_joy, minmay_lair_oklob_chamber, grunt_megastairs_2
Lair:3:   hangedman_what_comes_after_a, minivault_11,
          grunt_forest_large_clearings
Lair:4:   minmay_snake_entry_six_corridors, minivault_26, lemuel_fruit_fields,
          lemuel_fruit_fields, uniq_rupert
Lair:5:   lemuel_slime, minmay_slime_entry_pillars, beast_lair_carwin_8
Lair:6:   hangedman_lair_tendril_chambers, uniq_nessos
Swamp:1:  nicolae_swamp_dense_foliage
Swamp:2:  nicolae_swamp_godswood, swamp_pool4, nicolae_swamp_fairy_circle,
          infiniplex_staircase_pool_2, uniq_roxanne, uniq_kirke
Swamp:3:  evilmike_swamp_ruin_house_2
Swamp:4:  grunt_swamp_rune_castle
Snake:1:  serial_bayou, serial_bayou_pond_e, serial_bayou_lagoon_a,
          serial_bayou_shore_a, serial_bayou_pond_d, serial_bayou_pond_c,
          minmay_shop_star
Orc:1:    serial_shops, nicolae_shop_waterfront
Orc:2:    grunt_orc_gardens, grunt_orc_garden, grunt_orc_garden,
          grunt_orc_garden, grunt_orc_garden, mines3_lemuel, uniq_josephine
Sewer:    sewer_co_cracked_pipes
IceCv:    ice_cave_caverns_03

Skill      XL: |  1  2  3  4  5  6  7  8  9 10 11 12 13 14 15 16 17 |
---------------+----------------------------------------------------+-----
Spellcasting   | 3 4 5 6 8 9 10 12 13 | 13.6
Hexes          | 4 5 6 7 8 9 11 12 | 12.9
Stealth        | 5 6 7 8 9 10 11 13 15 | 15.0
Short Blades   | 2 4 5 |  5.2
Charms         | 5 7 |  7.0
Dodging        | 5 8 12 13 | 13.1
Shields        | 3 5 |  5.4
Conjurations   | 2 3 4 5 |  5.5
Evocations     | 3 6 7 11 | 11.3
Fighting       | 1 3 5 6 8 |  8.3
Armour         | 3 6 8 9 10 | 10.0
Air Magic      | 3 6 |  6.5
Transmutations | 5 |  5.2
Earth Magic    | 4 6 |  6.1
Fire Magic     | 3 5 |  5.2

Action                   |  1- 3 |  4- 6 |  7- 9 | 10-12 | 13-15 | 16-18 || total
-------------------------+-------+-------+-------+-------+-------+-------++-------
Melee: Dagger            |   100 |   129 |   396 |  1083 |  2277 |   804 ||  4789
 Cast: Ensorcelled Hiber |     5 |    11 |    33 |    28 |   172 |       ||   249
       Confuse           |       |     7 |    19 |   102 |   227 |   191 ||   546
       Mephitic Cloud    |       |       |       |    15 |    17 |     2 ||    34
       Regeneration      |       |       |       |       |     4 |     4 ||     8
       Fireball          |       |       |       |       |       |     6 ||     6
       Lee's Rapid Decon |       |       |       |       |       |    18 ||    18
       Petrify           |       |       |       |       |       |     1 ||     1
Invok: Curse Item        |       |       |     3 |     3 |     1 |     1 ||     8
Evoke: Wand              |       |       |       |       |    25 |    11 ||    36
  Use: Scroll            |       |    17 |     7 |    11 |    14 |    11 ||    60
       Potion            |       |       |       |       |     2 |     5 ||     7
 Stab: Sleeping          |    11 |    14 |    44 |    62 |   124 |    13 ||   268
       Confused          |       |     3 |    14 |    79 |   139 |    91 ||   326
       Distracted        |       |       |     1 |     2 |     6 |     4 ||    13
  Eat: Bread ration      |       |     1 |       |     1 |     1 |     1 ||     4
       Fruit             |       |       |     1 |     2 |     8 |     4 ||    15
       Royal jelly       |       |       |       |     2 |     1 |     1 ||     4
Armor: Robe              |    15 |    17 |    33 |    34 |       |       ||    99
       Steam dragon scal |       |       |       |     4 |   142 |     2 ||   148
       Acid dragon scale |       |       |       |       |       |    54 ||    54
Dodge: Dodged            |    66 |   111 |   224 |   551 |  1530 |   510 ||  2992
Block: Buckler           |       |       |       |   118 |   743 |   289 ||  1150
